 Dungeon Crawl Stone Soup version 0.27.1-3-gb3d3a73c9e (webtiles) character file.

Game seed: 6274466488393812580

4 Descartes the Magician (level 1, 0/10 HPs)
             Began as a Deep Elf Wanderer on Oct 8, 2021.
             Slain by a jackal (2 damage)
             ... on level 1 of the Dungeon.
             The game lasted 00:00:29 (65 turns).

Descartes the Magician (Deep Elf Wanderer)            Turns: 65, Time: 00:00:31

Health: 0/10       AC:  2    Str:  9    XL:     1   Next: 50%
Magic:  4/9        EV: 11    Int: 15    God:
Gold:   0          SH:  0    Dex: 15    Spells: 10/11 levels left

rFire    . . .     SeeInvis .   a - +0 dagger
rCold    . . .     Faith    .   (no shield)
rNeg     . . .     Spirit   .   b - +0 robe
rPois    .         Reflect  .   (no helmet)
rElec    .         Harm     .   (no cloak)
rCorr    .         Rampage  .   (no gloves)
Will     .....                  (no boots)
Stlth    +.........             (no amulet)
HPRegen  0.03/turn              (no ring)
MPRegen  0.11/turn              (no ring)

@: no status effects
A: no striking features
a: no special abilities


You were on level 1 of the Dungeon.
You visited 1 branch of the dungeon, and saw 1 of its levels.

Inventory:

Hand Weapons
 a - a +0 dagger (weapon)
Armour
 b - a +0 robe (worn)
Miscellaneous
 c - a piece from Xom's chessboard (15/15)


   Skills:
 - Level 1.0 Shields
 - Level 5.8 Spellcasting
 + Level 1.2 Conjurations
 - Level 1.1 Translocations
 - Level 1.1 Transmutations
 - Level 2.1 Earth Magic
 - Level 1.1 Evocations


You had 10 spell levels left.
You knew the following spells:

 Your Spells              Type           Power      Damage    Failure   Level
a - Magic Dart            Conj           28%        1d4       10%         1

Your spell library contained the following spells:

 Spells                   Type           Power      Damage    Failure   Level
 Blink                    Tloc           N/A        N/A       14%         2
 Call Imp                 Summ           4%         N/A       22%         2
 Slow                     Hex            4%         N/A       22%         2
 Conjure Flame            Conj/Fire      6%         6-21      34%         3
 Mephitic Cloud           Conj/Pois/Air  5%         N/A       36%         3


Dungeon Overview and Level Annotations

Branches:
Dungeon (1/15)

Altars:


Message History

The jackal bites you.
A jackal comes into view.
The jackal bites you but does no damage.
The jackal bites you.
Your magical contamination has completely faded away.
The jackal bites you.
The jackal bites you but does no damage.
The jackal barely misses you.
There is an open door here.
Casting: Magic Dart (safe; 11% risk of failure)
Confirm with . or Enter, or press ? or * to list all spells.
Aiming: Magic Dart (safe; 11% risk of failure)
Press: ? - help, Shift-Dir - straight line, f/p - jackal
Aim: a jackal (severely wounded, 100% to hit)
The magic dart hits the jackal.
You kill the jackal!
Your Conjurations skill increases to level 1!
You hit the jackal.
The jackal is heavily wounded.
The jackal misses you. x2
You closely miss the jackal.
The jackal is heavily wounded.
The jackal barely misses you.
You hit the jackal.
The jackal is almost dead.
The jackal bites you.
* * * LOW HITPOINT WARNING * * *
You closely miss the jackal.
The jackal is almost dead.
The jackal bites you but does no damage.
The jackal barely misses you.
Casting: Magic Dart (safe; 10% risk of failure)
Confirm with . or Enter, or press ? or * to list all spells.
Aiming: Magic Dart (safe; 10% risk of failure)
Press: ? - help, Shift-Dir - straight line, f - jackal
Aim: a jackal (almost dead, 100% to hit)
The magic dart hits the jackal but does no damage.
The jackal is almost dead.
The jackal bites you.
You die...

#+###+# #.....# .
#.....# )h ###..>..#+#
h.. #.#..<..#.# ....
#.#.....#.# ....
###+#.#@#####.###..####
#.....h.#†#....h......#
#.###.###.###.####.##.#
#......h.......#
##.###########.# # #.#
#.# ..# ###


You could see a jackal.

Vanquished Creatures
  A hobgoblin (D:1)
  A jackal (D:1)
  A kobold (D:1)
  A rat (D:1)
4 creatures vanquished.

Notes
Turn   | Place    | Note
-------+----------+-------------------------------------------
     0 | D:1      | Descartes the Deep Elf Wanderer began the quest for the
                  | Orb.
     0 | D:1      | Descartes set off with the following items: a +0 dagger, a
                  | +0 robe, a piece from Xom's chessboard (15/15); and the
                  | following spell memorised: Magic Dart; and the following
                  | spells available to memorise: Blink, Call Imp, Slow,
                  | Conjure Flame, Mephitic Cloud
     0 | D:1      | Reached XP level 1. HP: 10/10 MP: 9/9
    61 | D:1      | Reached skill level 1 in Conjurations
    65 | D:1      | Slain by a jackal

Illustrated notes

Levels and vault maps discovered:
D:1:      shiori_arrival_maze, layout_basic, basic_ecumenical_altar

Skill      XL: |  1 |
---------------+----+-----
Conjurations   | 1 |  1.2
Shields        | |  1.0
Spellcasting   | |  5.8
Translocations | |  1.1
Transmutations | |  1.1
Earth Magic    | |  2.1
Evocations     | |  1.1

Action                   || total
-------------------------++-------
Melee: Dagger            ||     6
 Cast: Magic Dart        ||     8
Armor: Robe              ||     3
Dodge: Dodged            ||     7
